[Event "Croatian-ch Youth U13 2022"]
[Site "Trogir"]
[Date "2022.06.26"]
[Round "7.5"]
[White "Perdic, Arijan"]
[Black "Mimica, Matija"]
[Result "0-1"]
[ECO "D37"]
[WhiteElo "1149"]
[BlackElo "1421"]
[Annotator "NA RC"]
[PlyCount "72"]
[EventDate "2022.06.22"]
[EventType "swiss"]
[EventCountry "CRO"]
[SourceTitle "playchess.com"]
[Source "ChessBase"]
[SourceQuality "1"]
[TimeControl "5400+30"]

1. d4 d5 2. c4 e6 3. Nc3 Nf6 4. Nf3 Be7 5. Bf4 O-O 6. h3 c6 7. e3 Nbd7 8. a3 dxc4 9. Bxc4 Nb6 10. Bd3 c5 11. O-O cxd4 12. Nxd4 Nfd5 13. Nxd5 Nxd5 14. Bh2 Bd6 15. Qc2 Bxh2+ 16. Kxh2 g6 17. Rac1 Qd6+ 18. g3 Bd7 19. h4 Rac8 20. Qb1 Nf6 21. Rxc8 Rxc8 22. Rd1 Ng4+ 23. Kg2 e5 24. Nf3 Bc6 25. Bf5 Qxd1 26. Qxd1 gxf5 27. Kg1 Bxf3 28. Qxf3 Rc1+ 29. Kg2 Rf1 30. Qxb7 Rxf2+ 31. Kg1 Re2 32. Qc8+ Kg7 33. Qxf5 Re1+ 34. Qf1 Rxf1+ 35. Kxf1 Nxe3+ 36. Ke2 Nc4 0-1

[Event "Croatian-ch Youth U13 2022"]
[Site "Trogir"]
[Date "2022.06.26"]
[Round "7.6"]
[White "Radic, Borna"]
[Black "Kucelj, Kevin"]
[Result "0-1"]
[ECO "E48"]
[WhiteElo "1289"]
[BlackElo "1398"]
[Annotator "NA RC"]
[PlyCount "70"]
[EventDate "2022.06.22"]
[EventType "swiss"]
[EventCountry "CRO"]
[SourceTitle "playchess.com"]
[Source "ChessBase"]
[SourceQuality "1"]
[TimeControl "5400+30"]

1. d4 Nf6 2. c4 e6 3. Nc3 Bb4 4. e3 O-O 5. Bd3 d5 6. cxd5 exd5 7. Nge2 c6 8. O-O Qc7 9. Ng3 Bd6 10. Be2 Be6 11. a3 a5 12. Bd2 Nbd7 13. Rc1 Qb8 14. a4 Rc8 15. Qb3 Bxg3 16. hxg3 Qd6 17. Bd3 h5 18. Be2 Bg4 19. Rfe1 Kh7 20. Bxg4 hxg4 21. Qc2+ g6 22. Kh2 Rh8 23. Rh1 Kg7+ 24. Kg1 Rxh1+ 25. Kxh1 Rh8+ 26. Kg1 Nf8 27. Ne2 Ne4 28. Bxa5 Qf6 29. Nf4 g5 30. Nd3 Qh6 31. Kf1 Qh1+ 32. Ke2 Qxg2 33. Be1 Nxg3+ 34. Kd1 Qf3+ 35. Kd2 Ne4# 0-1

[Event "Croatian-ch Youth U13 2022"]
[Site "Trogir"]
[Date "2022.06.26"]
[Round "7.7"]
[White "Solin, Borna"]
[Black "Horvat, Ivan"]
[Result "0-1"]
[ECO "A49"]
[WhiteElo "1324"]
[BlackElo "1290"]
[Annotator "NA RC"]
[PlyCount "128"]
[EventDate "2022.06.22"]
[EventType "swiss"]
[EventCountry "CRO"]
[SourceTitle "playchess.com"]
[Source "ChessBase"]
[SourceQuality "1"]
[TimeControl "5400+30"]

1. d4 Nf6 2. g3 g6 3. Bg2 Bg7 4. Nf3 O-O 5. O-O d6 6. e3 Re8 7. b3 e5 8. dxe5 dxe5 9. Bb2 Qxd1 10. Rxd1 Bf5 11. Bxe5 Bxc2 12. Rc1 Bxb1 13. Raxb1 c6 14. Bxf6 Bxf6 15. Rd1 Na6 16. Rd6 Be7 17. Rd2 Rad8 18. Rbd1 Nb4 19. a3 Nd5 20. a4 Nc3 21. Rxd8 Rxd8 22. Rxd8+ Bxd8 23. Nd4 Bf6 24. Nc2 Ne2+ 25. Kf1 Nc1 26. b4 Bc3 27. Bf3 Nd3 28. b5 cxb5 29. axb5 Nc5 30. Nd4 a5 31. bxa6 bxa6 32. Bd5 Kf8 33. Ke2 Ke7 34. Kd1 Bxd4 35. exd4 Ne6 36. Bc4 a5 37. d5 Nc7 38. d6+ Kxd6 39. Bxf7 g5 40. Ke2 a4 41. Ba2 Nd5 42. Bc4 Kc5 43. Kd3 g4 44. Bxd5 Kxd5 45. Kc3 Ke4 46. Kb4 Kf3 47. Kxa4 Kxf2 48. Kb4 Kg2 49. Kc3 Kxh2 50. Kd2 Kxg3 51. Ke1 Kg2 52. Ke2 h5 53. Ke1 h4 54. Ke2 h3 55. Ke1 h2 56. Ke2 h1=Q 57. Ke3 Qe1+ 58. Kd3 Kf3 59. Kc2 g3 60. Kb2 g2 61. Kc2 g1=Q 62. Kb2 Qc1+ 63. Kb3 Qb6+ 64. Ka4 Qa1# 0-1

[Event "Croatian-ch Youth U13 2022"]
[Site "Trogir"]
[Date "2022.06.26"]
[Round "7.8"]
[White "Miletic, Ivan"]
[Black "Pecotic, Rudi"]
[Result "1-0"]
[ECO "C54"]
[WhiteElo "1461"]
[BlackElo "1156"]
[Annotator "NA RC"]
[PlyCount "83"]
[EventDate "2022.06.22"]
[EventType "swiss"]
[EventCountry "CRO"]
[SourceTitle "playchess.com"]
[Source "ChessBase"]
[SourceQuality "1"]
[TimeControl "5400+30"]

1. e4 e5 2. Nf3 Nc6 3. Bc4 Bc5 4. d3 Nf6 5. O-O O-O 6. c3 d5 7. exd5 Nxd5 8. Re1 Nb6 9. Nxe5 Nxe5 10. Rxe5 Qd6 11. Re1 Nxc4 12. dxc4 Qxd1 13. Rxd1 Bg4 14. Rd5 Bb6 15. c5 Rfe8 16. Bd2 Be6 17. Re5 f6 18. Re2 Bxc5 19. b4 Bb6 20. a4 a5 21. Be3 Bc4 22. Re1 Bxe3 23. Rxe3 Rxe3 24. fxe3 axb4 25. cxb4 Rd8 26. Na3 Bb3 27. a5 c6 28. Rc1 Rd1+ 29. Rxd1 Bxd1 30. Nc4 Be2 31. Nd6 Ba6 32. Kf2 g6 33. Kf3 Kf8 34. Ne4 Ke7 35. Nc5 Kd6 36. Ke4 h6 37. g4 Ke7 38. h4 Be2 39. Nxb7 Bxg4 40. a6 Bc8 41. Nc5 Bg4 42. Nb7 1-0

[Event "Croatian-ch Youth U13 2022"]
[Site "Trogir"]
[Date "2022.06.26"]
[Round "7.9"]
[White "Hajdinic, Ema"]
[Black "Car, Lana"]
[Result "1-0"]
[ECO "C62"]
[WhiteElo "1535"]
[BlackElo "1189"]
[Annotator "NA RC"]
[PlyCount "67"]
[EventDate "2022.06.22"]
[EventType "swiss"]
[EventCountry "CRO"]
[SourceTitle "playchess.com"]
[Source "ChessBase"]
[SourceQuality "1"]
[TimeControl "5400+30"]

1. e4 e5 2. Nf3 Nc6 3. Nc3 Nf6 4. Bb5 d6 5. d4 exd4 6. Nxd4 Bd7 7. O-O Nxd4 8. Bxd7+ Qxd7 9. Qxd4 Be7 10. Bg5 c6 11. Rad1 O-O 12. Bxf6 gxf6 13. f4 f5 14. Rf3 f6 15. e5 d5 16. Re1 Qe6 17. Kf1 b6 18. Qd1 d4 19. Rg3+ Kh8 20. Qxd4 Bc5 21. Qd1 Rad8 22. Rd3 Qc4 23. Ne2 Rxd3 24. Qxd3 Qxd3 25. cxd3 fxe5 26. fxe5 Be3 27. g3 f4 28. gxf4 Bxf4 29. Nxf4 Rxf4+ 30. Kg2 Kg8 31. Rf1 Rd4 32. e6 Rxd3 33. e7 Rd2+ 34. Kg1 1-0

[Event "Croatian-ch Youth U13 2022"]
[Site "Trogir"]
[Date "2022.06.26"]
[Round "7.10"]
[White "Zagar, Lara Marija"]
[Black "Zagorac, Lara"]
[Result "1/2-1/2"]
[ECO "D11"]
[WhiteElo "1272"]
[BlackElo "1482"]
[Annotator "NA RC"]
[PlyCount "133"]
[EventDate "2022.06.22"]
[EventType "swiss"]
[EventCountry "CRO"]
[SourceTitle "playchess.com"]
[Source "ChessBase"]
[SourceQuality "1"]
[TimeControl "5400+30"]

1. Nf3 Nf6 2. d4 d5 3. g3 g6 4. c4 c6 5. Qc2 Bg7 6. Bg2 O-O 7. O-O Nbd7 8. Bf4 Nh5 9. Bc1 Nb6 10. Nbd2 h6 11. e3 Re8 12. b3 Bf5 13. Qc3 Nf6 14. Bb2 Ne4 15. Nxe4 Bxe4 16. Nd2 Bxg2 17. Kxg2 e6 18. Rfd1 f5 19. f3 Nd7 20. e4 Nf6 21. exf5 exf5 22. Re1 Qd7 23. Nf1 Nh5 24. c5 f4 25. g4 Nf6 26. Rxe8+ Rxe8 27. Re1 g5 28. h3 Re6 29. Rxe6 Qxe6 30. Qd2 b6 31. b4 Nd7 32. Kf2 Qf6 33. Qe2 Kf7 34. a3 bxc5 35. bxc5 Nxc5 36. Qc2 Nd7 37. Qa4 Bf8 38. Qxa7 Qe7 39. Qb7 Qd6 40. a4 Ke7 41. a5 Qb8 42. Ba3+ Ke8 43. Qxb8+ Nxb8 44. Bxf8 Kxf8 45. Ke2 Ke7 46. Kd3 Kd7 47. Kc3 Na6 48. Nd2 Kc7 49. Nb3 Kb7 50. Nc1 Nc7 51. Kb4 Na6+ 52. Kc3 Nc7 53. Kb4 Na6+ 54. Kc3 Nc7 55. Kb4 Na6+ 56. Kc3 Kc7 57. Kb3 Kd6 58. Kc3 c5 59. dxc5+ Kxc5 60. Nd3+ Kb5 61. Kd4 Kxa5 62. Kxd5 Nb4+ 63. Nxb4 Kxb4 64. Kd4 Kb3 65. Kd3 Kb2 66. Kd2 Ka3 67. Kc3 1/2-1/2

[Event "Croatian-ch Youth U13 2022"]
[Site "Trogir"]
[Date "2022.06.26"]
[Round "8.1"]
[White "Poljan, Max"]
[Black "Tadic, Jure"]
[Result "1-0"]
[ECO "C45"]
[WhiteElo "1618"]
[BlackElo "1565"]
[Annotator "NA RC"]
[PlyCount "135"]
[EventDate "2022.06.22"]
[EventType "swiss"]
[EventCountry "CRO"]
[SourceTitle "playchess.com"]
[Source "ChessBase"]
[SourceQuality "1"]
[TimeControl "5400+30"]

1. e4 e5 2. Nf3 Nc6 3. d4 exd4 4. Nxd4 Bc5 5. Nb3 Bb6 6. Nc3 a5 7. Bb5 Nge7 8. Bg5 f6 9. Bh4 O-O 10. Qe2 Ne5 11. f4 N5g6 12. Bg3 c6 13. Bc4+ d5 14. exd5 Nxd5 15. Nxd5 cxd5 16. O-O-O Qc7 17. Rxd5 Kh8 18. Nd2 f5 19. h4 Ne7 20. Re5 Nc6 21. Re8 Bd7 22. Rxa8 Rxa8 23. Nf3 Nd4 24. Nxd4 Bxd4 25. Qd3 Bf6 26. Rd1 Rd8 27. Qb3 b5 28. Bxb5 Bc8 29. Rxd8+ Qxd8 30. Bf2 Bxh4 31. g3 Bf6 32. Qd3 Qe7 33. Qe3 Qf8 34. Qe8 Qxe8 35. Bxe8 Bd8 36. Bf7 h6 37. Bg6 Kg8 38. Bc5 Bf6 39. Bb6 a4 40. Bc5 Bd7 41. c3 Bd8 42. b3 axb3 43. axb3 Be6 44. Kc2 h5 45. Bxh5 Kh7 46. Bf3 Bc7 47. Bf2 Kg6 48. c4 Ba5 49. Bd5 Bd7 50. Kd1 Bb4 51. Be1 Bd6 52. b4 Ba4+ 53. Ke2 Kh5 54. Bf3+ Kg6 55. c5 Bc7 56. Kd2 Kf7 57. Bd5+ Ke7 58. Kc3 Be8 59. Kc4 Kd8 60. Be6 g6 61. b5 Ke7 62. Bd5 Kd8 63. b6 Bb8 64. c6 Kc8 65. Bb4 g5 66. fxg5 Bxg3 67. Kb5 f4 68. b7+ 1-0

[Event "Croatian-ch Youth U13 2022"]
[Site "Trogir"]
[Date "2022.06.26"]
[Round "8.2"]
[White "Mimica, Matija"]
[Black "Pehar, Borna"]
[Result "0-1"]
[ECO "E54"]
[WhiteElo "1421"]
[BlackElo "1756"]
[Annotator "NA RC"]
[PlyCount "49"]
[EventDate "2022.06.22"]
[EventType "swiss"]
[EventCountry "CRO"]
[SourceTitle "playchess.com"]
[Source "ChessBase"]
[SourceQuality "1"]
[TimeControl "5400+30"]

1. d4 Nf6 2. c4 c5 3. e3 cxd4 4. exd4 d5 5. Nc3 e6 6. Nf3 Bb4 7. Bd3 O-O 8. O-O dxc4 9. Bxc4 b6 10. Bg5 h6 11. Bh4 Bb7 12. a3 Be7 13. Re1 Nc6 14. Qd2 Na5 15. Ba2 Bxf3 16. gxf3 Qd7 17. Bg3 Rfd8 18. Rad1 Nc6 19. d5 exd5 20. Nxd5 Nxd5 21. Qxd5 Qe8 22. Qh5 Rxd1 23. Rxd1 Bf6 24. Qb5 Nd4 25. Qxe8+ 0-1

[Event "Croatian-ch Youth U13 2022"]
[Site "Trogir"]
[Date "2022.06.26"]
[Round "8.3"]
[White "Kucelj, Kevin"]
[Black "Petrus, Adrian"]
[Result "1/2-1/2"]
[ECO "B04"]
[WhiteElo "1398"]
[BlackElo "1526"]
[Annotator "NA RC"]
[PlyCount "209"]
[EventDate "2022.06.22"]
[EventType "swiss"]
[EventCountry "CRO"]
[SourceTitle "playchess.com"]
[Source "ChessBase"]
[SourceQuality "1"]
[TimeControl "5400+30"]

1. e4 Nf6 2. e5 Nd5 3. d4 d6 4. Nf3 g6 5. c4 Nb6 6. Be2 Bg7 7. Bf4 O-O 8. O-O Nc6 9. exd6 cxd6 10. Nc3 Bg4 11. d5 Bxf3 12. Bxf3 Ne5 13. Bxe5 Bxe5 14. Qd3 Rc8 15. b3 Nd7 16. Rac1 Nc5 17. Qe3 Qa5 18. Rc2 a6 19. Rb1 Qb4 20. g4 b5 21. Be2 bxc4 22. bxc4 Qa5 23. f4 Bxc3 24. Qxc3 Qxc3 25. Rxc3 Rb8 26. Rcc1 Kg7 27. Kg2 h6 28. h3 f6 29. Kf3 Kf7 30. f5 g5 31. Ke3 Rfc8 32. Bd3 Ke8 33. Rxb8 Rxb8 34. Rb1 Rxb1 35. Bxb1 Kd7 36. Kd4 Kc7 37. Kc3 Kb6 38. Bc2 Ka5 39. a3 Nd7 40. Kd4 Kb6 41. Ba4 Ne5 42. Bd1 Nf7 43. Bc2 Nd8 44. Bd1 Nb7 45. Bc2 Nc5 46. Bd1 Nd7 47. Bc2 Ne5 48. Bd1 a5 49. a4 Nd7 50. Bc2 Ka6 51. Bb3 Kb7 52. Bc2 Kc7 53. Bb3 Kb6 54. Bc2 Nc5 55. Bd1 Na6 56. Bb3 Nb4 57. Bd1 Na6 58. Bc2 Nc7 59. Bd1 Ne8 60. Bc2 Ng7 61. Bb3 h5 62. Bc2 hxg4 63. hxg4 Ne8 64. Bb3 Nc7 65. Bc2 Na6 66. Bd1 Nc5 67. Bc2 Kc7 68. Bd1 Kb7 69. Bc2 Nd7 70. Bb3 Nc5 71. Bc2 Ka6 72. Bd1 Kb6 73. Bc2 Nd7 74. Bb3 Kc7 75. Bc2 Kb6 76. Bb3 Nb8 77. Bd1 Na6 78. Bc2 Kc7 79. Bd1 Nb4 80. Bb3 Kb6 81. Bd1 Na2 82. Bb3 Nc1 83. Bd1 Na2 84. Bb3 Nb4 85. Bd1 Na6 86. Bc2 Nc5 87. Bd1 Nd7 88. Bc2 Ne5 89. Bd1 Nf7 90. Bc2 Nh6 91. Bd1 Nf7 92. Bc2 Nd8 93. Bb3 Nb7 94. Bd1 Nc5 95. Bc2 Na6 96. Bd1 Kb7 97. Bc2 Nb4 98. Bb3 Kb6 99. Bd1 Na6 100. Bc2 Kc7 101. Bd1 Nb4 102. Bb3 Kb6 103. Bd1 Na2 104. Bb3 Nc1 105. Bd1 1/2-1/2

[Event "Croatian-ch Youth U13 2022"]
[Site "Trogir"]
[Date "2022.06.26"]
[Round "8.4"]
[White "Horvat, Ivan"]
[Black "Mandaric, Duje"]
[Result "1-0"]
[ECO "B18"]
[WhiteElo "1290"]
[BlackElo "1333"]
[Annotator "NA RC"]
[PlyCount "69"]
[EventDate "2022.06.22"]
[EventType "swiss"]
[EventCountry "CRO"]
[SourceTitle "playchess.com"]
[Source "ChessBase"]
[SourceQuality "1"]
[TimeControl "5400+30"]

1. e4 c6 2. d4 d5 3. Nc3 dxe4 4. Nxe4 Bf5 5. Ng3 Bg6 6. Nf3 Nd7 7. Bc4 e6 8. O-O h6 9. Bf4 Ngf6 10. Bb3 Be7 11. Re1 O-O 12. Qe2 Nd5 13. Bd2 N7f6 14. Rad1 a5 15. a4 Qc7 16. c4 Nb6 17. Bc3 Rfd8 18. Nh4 Bh7 19. Nhf5 Bxf5 20. Nxf5 Bb4 21. Ng3 Qe7 22. Ne4 Bxc3 23. bxc3 Nxe4 24. Qxe4 Ra7 25. d5 cxd5 26. cxd5 e5 27. Qxe5 Qd7 28. Qe7 Raa8 29. d6 Nxa4 30. Qxd7 Rxd7 31. Bxa4 Rdd8 32. d7 Kh7 33. h3 b6 34. Re8 f6 35. Rde1 1-0

[Event "Croatian-ch Youth U13 2022"]
[Site "Trogir"]
[Date "2022.06.26"]
[Round "8.7"]
[White "Radalj, Niko"]
[Black "Matkovic, Mihael"]
[Result "1-0"]
[ECO "C78"]
[WhiteElo "1179"]
[BlackElo "1215"]
[Annotator "NA RC"]
[PlyCount "45"]
[EventDate "2022.06.22"]
[EventType "swiss"]
[EventCountry "CRO"]
[SourceTitle "playchess.com"]
[Source "ChessBase"]
[SourceQuality "1"]
[TimeControl "5400+30"]

1. e4 e5 2. Nf3 Nc6 3. Bb5 a6 4. Ba4 b5 5. Bb3 Nf6 6. O-O Bb4 7. c3 Ba5 8. d3 h6 9. Re1 O-O 10. Nbd2 Re8 11. Nf1 Bb7 12. Ng3 Bb6 13. h3 d6 14. Nf5 Ne7 15. N3h4 Nxf5 16. Nxf5 Nh7 17. Qg4 g5 18. Nxh6+ Kf8 19. Qf5 Qf6 20. Qxh7 Qxf2+ 21. Kh2 Qf6 22. Bxg5 Qg6 23. Qh8+ 1-0

[Event "Croatian-ch Youth U13 2022"]
[Site "Trogir"]
[Date "2022.06.26"]
[Round "8.10"]
[White "Zagorac, Lara"]
[Black "Paulic, Franka"]
[Result "1-0"]
[ECO "D02"]
[WhiteElo "1482"]
[BlackElo "1067"]
[Annotator "NA RC"]
[PlyCount "121"]
[EventDate "2022.06.22"]
[EventType "swiss"]
[EventCountry "CRO"]
[SourceTitle "playchess.com"]
[Source "ChessBase"]
[SourceQuality "1"]
[TimeControl "5400+30"]

1. d4 Nf6 2. Nf3 c5 3. c3 e6 4. Bf4 Nc6 5. e3 d5 6. Nbd2 Be7 7. Bd3 Nh5 8. Bg3 Nxg3 9. hxg3 Qb6 10. b3 Bd7 11. O-O h5 12. dxc5 Qxc5 13. c4 Qd6 14. cxd5 exd5 15. e4 h4 16. exd5 Qxd5 17. Bc4 Qf5 18. g4 Qxg4 19. Nh2 Qg6 20. Re1 Kf8 21. Ne4 Bf5 22. Qf3 Bxe4 23. Rxe4 Qf6 24. Rae1 Qxf3 25. Nxf3 g6 26. Bd5 Bd6 27. Ng5 Nd8 28. Re8+ Kg7 29. Rxh8 Kxh8 30. Re8+ Kg7 31. Nxf7 Bc7 32. Re7 Kf6 33. Rxc7 Nxf7 34. Rxf7+ Kg5 35. Bc4 b6 36. Rd7 Kf6 37. Rd6+ Kg7 38. Bd3 Rc8 39. Rxg6+ Kf7 40. Rh6 Rc1+ 41. Kh2 Kg7 42. Rxh4 Rd1 43. Bc4 Rd2 44. a4 Rxf2 45. Rg4+ Kh6 46. Re4 Kg5 47. Re7 a5 48. Re6 Rf6 49. Rxf6 Kxf6 50. g4 Kg6 51. Kg3 Kg5 52. Kf3 Kg6 53. Kf4 Kf6 54. g5+ Kg6 55. Kg4 b5 56. axb5 a4 57. bxa4 Kg7 58. b6 Kg6 59. b7 Kg7 60. b8=Q Kg6 61. Qe8+ 1-0

[Event "Croatian-ch Youth U13 2022"]
[Site "Trogir"]
[Date "2022.06.26"]
[Round "8.11"]
[White "Zagar, Lara Marija"]
[Black "Vucenovic, Diara"]
[Result "0-1"]
[ECO "D02"]
[WhiteElo "1272"]
[BlackElo "1352"]
[Annotator "NA RC"]
[PlyCount "42"]
[EventDate "2022.06.22"]
[EventType "swiss"]
[EventCountry "CRO"]
[SourceTitle "playchess.com"]
[Source "ChessBase"]
[SourceQuality "1"]
[TimeControl "5400+30"]

1. Nf3 d5 2. d4 Nc6 3. g3 Bg4 4. Bg2 e6 5. c4 Bb4+ 6. Nc3 Nge7 7. c5 O-O 8. Qd2 Bxf3 9. Bxf3 Nf5 10. a3 Bxc3 11. bxc3 Nce7 12. O-O Ng6 13. Qc2 Qf6 14. e4 Nxd4 15. cxd4 Qxf3 16. e5 f6 17. exf6 gxf6 18. Re1 Qg4 19. Bb2 Nh4 20. Kh1 Kh8 21. Kg1 Qf3 0-1

[Event "Croatian-ch Youth U13 2022"]
[Site "Trogir"]
[Date "2022.06.27"]
[Round "9.2"]
[White "Pehar, Borna"]
[Black "Tadic, Jure"]
[Result "1-0"]
[ECO "C47"]
[WhiteElo "1756"]
[BlackElo "1565"]
[Annotator "NA RC"]
[PlyCount "61"]
[EventDate "2022.06.22"]
[EventType "swiss"]
[EventCountry "CRO"]
[SourceTitle "playchess.com"]
[Source "ChessBase"]
[SourceQuality "1"]
[TimeControl "5400+30"]

1. e4 e5 2. Nf3 Nc6 3. Nc3 Nf6 4. d4 exd4 5. Nxd4 Bb4 6. Nxc6 bxc6 7. Bd3 h6 8. O-O d6 9. Re1 O-O 10. a3 Bc5 11. Na4 Bb6 12. Nxb6 cxb6 13. h3 Re8 14. Bf4 d5 15. e5 Nd7 16. Qh5 d4 17. Bc4 Rf8 18. e6 Nf6 19. exf7+ Kh8 20. Qg6 b5 21. Bxh6 gxh6 22. Qxh6+ Nh7 23. Re8 bxc4 24. Rxd8 Rxd8 25. Qxc6 Bf5 26. Re1 Rac8 27. Qb5 Bxc2 28. Qe5+ Nf6 29. Qxf6+ Kh7 30. f8=N+ Kg8 31. Re7 1-0

[Event "Croatian-ch Youth U13 2022"]
[Site "Trogir"]
[Date "2022.06.27"]
[Round "9.3"]
[White "Petrus, Adrian"]
[Black "Horvat, Ivan"]
[Result "1/2-1/2"]
[ECO "B51"]
[WhiteElo "1526"]
[BlackElo "1290"]
[Annotator "NA RC"]
[PlyCount "86"]
[EventDate "2022.06.22"]
[EventType "swiss"]
[EventCountry "CRO"]
[SourceTitle "playchess.com"]
[Source "ChessBase"]
[SourceQuality "1"]
[TimeControl "5400+30"]

1. e4 c5 2. Nf3 d6 3. Bb5+ Nd7 4. c4 a6 5. Ba4 Ngf6 6. Nc3 e6 7. d3 Be7 8. O-O O-O 9. Bc2 Rb8 10. a4 b6 11. h3 Re8 12. Be3 Nf8 13. Nh2 Qc7 14. f4 Bd7 15. Qe2 b5 16. axb5 axb5 17. Nxb5 Bxb5 18. cxb5 Rxb5 19. Ba4 Qb7 20. Bxb5 Qxb5 21. Qc2 Rb8 22. Rfb1 h6 23. Nf3 N8d7 24. Bd2 Qb3 25. Qxb3 Rxb3 26. Ra8+ Kh7 27. Bc3 c4 28. Nd2 Rb7 29. dxc4 Nc5 30. e5 dxe5 31. Bxe5 Nd3 32. Nf3 Nxe5 33. Nxe5 Nh5 34. Nd3 Rd7 35. Ne1 Nxf4 36. b4 Nh5 37. Ra3 Rb7 38. Rab3 Rd7 39. b5 Rd2 40. R3b2 Bc5+ 41. Kh2 Bd6+ 42. Kh1 Ng3+ 43. Kh2 Ne2+ 1/2-1/2

[Event "Croatian-ch Youth U13 2022"]
[Site "Trogir"]
[Date "2022.06.27"]
[Round "9.4"]
[White "Radalj, Niko"]
[Black "Kucelj, Kevin"]
[Result "0-1"]
[ECO "B90"]
[WhiteElo "1179"]
[BlackElo "1398"]
[Annotator "NA RC"]
[PlyCount "30"]
[EventDate "2022.06.22"]
[EventType "swiss"]
[EventCountry "CRO"]
[SourceTitle "playchess.com"]
[Source "ChessBase"]
[SourceQuality "1"]
[TimeControl "5400+30"]

1. e4 c5 2. Nf3 d6 3. d4 cxd4 4. Nxd4 Nf6 5. Nc3 a6 6. h3 e5 7. Nde2 Nc6 8. Bg5 Be7 9. Qd2 h6 10. Bxf6 Bxf6 11. f4 exf4 12. Qxf4 Bg5 13. Qh2 Nb4 14. Nd4 Qf6 15. Nce2 Be3 0-1

[Event "Croatian-ch Youth U13 2022"]
[Site "Trogir"]
[Date "2022.06.27"]
[Round "9.6"]
[White "Mandaric, Duje"]
[Black "Kresic, Vid"]
[Result "1/2-1/2"]
[ECO "C54"]
[WhiteElo "1333"]
[BlackElo "1459"]
[Annotator "NA RC"]
[PlyCount "119"]
[EventDate "2022.06.22"]
[EventType "swiss"]
[EventCountry "CRO"]
[SourceTitle "playchess.com"]
[Source "ChessBase"]
[SourceQuality "1"]
[TimeControl "5400+30"]

1. e4 e5 2. Nf3 Nc6 3. Bc4 Bc5 4. c3 Nf6 5. d3 d5 6. exd5 Nxd5 7. O-O Nb6 8. Bb3 Bd6 9. Re1 O-O 10. Nbd2 Bg4 11. Nf1 h6 12. h3 Bh5 13. Ng3 Bg6 14. Be3 Kh8 15. Bxb6 axb6 16. d4 exd4 17. cxd4 Bxg3 18. fxg3 Qd6 19. Ne5 Qxd4+ 20. Qxd4 Nxd4 21. Rad1 Nxb3 22. axb3 Rad8 23. b4 Rxd1 24. Rxd1 Bf5 25. Rf1 Be6 26. Ng6+ Kg8 27. Nxf8 Kxf8 28. Rc1 c6 29. Ra1 Ke7 30. Kf2 Kd6 31. Rd1+ Kc7 32. Rc1 Kd6 33. Ra1 Kd5 34. Ra7 Kc4 35. Rxb7 b5 36. Ra7 Kxb4 37. Ra3 c5 38. g4 c4 39. Ke3 Kc5 40. Kd2 Kd4 41. Ra8 Bd5 42. Rd8 Kc5 43. g3 Bg2 44. h4 Bh3 45. Rg8 g6 46. Rg7 Bxg4 47. Rxf7 h5 48. Rc7+ Kb4 49. Rb7 Bf5 50. Rb8 Bg4 51. Re8 Kb3 52. Kc1 Bf5 53. Re3+ Kb4 54. Rc3 Bd3 55. Kd2 Bf5 56. Rf3 Bg4 57. Ra3 Bf5 58. Ke3 Kc5 59. Ra7 Kb4 60. Ra3 1/2-1/2

[Event "Croatian-ch Youth U13 2022"]
[Site "Trogir"]
[Date "2022.06.27"]
[Round "9.7"]
[White "Sosic, Zvan"]
[Black "Mimica, Matija"]
[Result "0-1"]
[ECO "B12"]
[WhiteElo "1331"]
[BlackElo "1421"]
[Annotator "NA RC"]
[PlyCount "110"]
[EventDate "2022.06.22"]
[EventType "swiss"]
[EventCountry "CRO"]
[SourceTitle "playchess.com"]
[Source "ChessBase"]
[SourceQuality "1"]
[TimeControl "5400+30"]

1. e4 c6 2. d4 d5 3. e5 Bf5 4. g4 Bd7 5. Nd2 e6 6. Nb3 c5 7. Be3 Nc6 8. Nf3 cxd4 9. Nbxd4 Nge7 10. Bg5 Qb6 11. Bxe7 Bxe7 12. Nxc6 bxc6 13. Rb1 Bc5 14. Qd2 O-O 15. Bd3 f6 16. O-O fxe5 17. Nxe5 Qc7 18. Rbe1 Bd6 19. Qg5 h6 20. Qh5 Bxe5 21. Qxe5 Qxe5 22. Rxe5 Rf4 23. h3 Raf8 24. Kg2 c5 25. Be2 Ra4 26. a3 Rb8 27. Re3 Rxb2 28. Bd3 c4 29. Bg6 d4 30. Re5 Rxa3 31. Rc5 Kf8 32. Rxc4 Ra4 33. Rc5 Ke7 34. Re1 Rb5 35. Rce5 Rxe5 36. Rxe5 Kf6 37. f4 Kxg6 38. Kg3 Ra2 39. Rc5 Kf6 40. Kh4 a5 41. Rc4 Ra4 42. Rc5 Ke7 43. g5 hxg5+ 44. Kxg5 Kd6 45. Re5 Rc4 46. Rxa5 Rc5+ 47. Rxc5 Kxc5 48. Kg6 Kc4 49. Kxg7 Kc3 50. h4 Kxc2 51. h5 d3 52. h6 d2 53. h7 d1=Q 54. h8=Q Qa1+ 55. Kh7 Qxh8+ 0-1

[Event "Croatian-ch Youth U13 2022"]
[Site "Trogir"]
[Date "2022.06.27"]
[Round "9.8"]
[White "Puljiz, Marin"]
[Black "Perdic, Arijan"]
[Result "0-1"]
[ECO "B18"]
[WhiteElo "1296"]
[BlackElo "1149"]
[Annotator "NA RC"]
[PlyCount "90"]
[EventDate "2022.06.22"]
[EventType "swiss"]
[EventCountry "CRO"]
[SourceTitle "playchess.com"]
[Source "ChessBase"]
[SourceQuality "1"]
[TimeControl "5400+30"]

1. e4 c6 2. d4 d5 3. Nc3 dxe4 4. Nxe4 Bf5 5. Nc3 Nf6 6. Nf3 h6 7. Bc4 e6 8. a3 Qc7 9. O-O Be7 10. Ne5 Nbd7 11. f4 Nb6 12. Bb3 Nbd5 13. Bd2 Nxc3 14. Bxc3 Nd5 15. Qf3 Nxc3 16. Qxc3 O-O 17. Rad1 Rac8 18. g4 Be4 19. Qe3 Bh7 20. f5 exf5 21. gxf5 Bd6 22. Qf4 Bxe5 23. dxe5 c5 24. Bd5 Kh8 25. Kh1 f6 26. e6 Qxf4 27. Rxf4 Rfd8 28. e7 Re8 29. Re1 Rc7 30. Rfe4 Bg8 31. Bc4 Bxc4 32. Rxc4 Kg8 33. b4 b6 34. Kg2 Kf7 35. bxc5 Rxc5 36. Rxc5 bxc5 37. Kf3 Rxe7 38. Rxe7+ Kxe7 39. Kg4 Kd6 40. Kh5 Ke5 41. Kg6 h5 42. h4 Kf4 43. a4 Kg4 44. a5 Kxh4 45. Kxg7 Kg5 0-1

[Event "Croatian-ch Youth U13 2022"]
[Site "Trogir"]
[Date "2022.06.27"]
[Round "9.10"]
[White "Vinkovic, Hana"]
[Black "Zagorac, Lara"]
[Result "1/2-1/2"]
[ECO "B22"]
[WhiteElo "1155"]
[BlackElo "1482"]
[Annotator "NA RC"]
[PlyCount "25"]
[EventDate "2022.06.22"]
[EventType "swiss"]
[EventCountry "CRO"]
[SourceTitle "playchess.com"]
[Source "ChessBase"]
[SourceQuality "1"]
[TimeControl "5400+30"]

1. e4 c5 2. c3 d6 3. d4 Nf6 4. Nd2 Nc6 5. Ngf3 g6 6. Bc4 Bg7 7. O-O O-O 8. Re1 Bg4 9. h3 Bxf3 10. Nxf3 cxd4 11. cxd4 d5 12. exd5 Nxd5 13. Be3 1/2-1/2

[Event "Croatian-ch Youth U13 2022"]
[Site "Trogir"]
[Date "2022.06.27"]
[Round "9.11"]
[White "Vucenovic, Diara"]
[Black "Fiolic, Ivana"]
[Result "1-0"]
[ECO "C55"]
[WhiteElo "1352"]
[BlackElo "1053"]
[Annotator "NA RC"]
[PlyCount "43"]
[EventDate "2022.06.22"]
[EventType "swiss"]
[EventCountry "CRO"]
[SourceTitle "playchess.com"]
[Source "ChessBase"]
[SourceQuality "1"]
[TimeControl "5400+30"]

1. e4 e5 2. Nf3 Nc6 3. Bc4 Be7 4. Nc3 Nf6 5. d3 d6 6. h3 O-O 7. Be3 b6 8. Bb3 Bb7 9. Ne2 h6 10. Ng3 Re8 11. Qd2 Bf8 12. O-O Ne7 13. Nh2 d5 14. Qe2 Ng6 15. Rad1 Ba6 16. Bc1 Bc5 17. Kh1 Qd6 18. Ng4 dxe4 19. Nxf6+ Qxf6 20. Nxe4 Qe7 21. Qg4 Bc8 22. Qxg6 1-0